 Dungeon Crawl Stone Soup version 0.32-a0-834-geaf45d8e21 (webtiles) character file.

Game seed: 7336615387950516728

21 AstroCodex24 the Shield-Bearer (level 2, 0/23 HPs)
             Began as a Vampire Fighter on Mar 26, 2024.
             Succumbed to a scorpion's poison
             ... on level 4 of the Dungeon.
             The game lasted 00:01:41 (431 turns).

AstroCodex24 the Shield-Bearer (Vampire Fighter)     Turns: 431, Time: 00:01:41

Health: 0/23       AC:  6    Str: 15    XL:     2   Next: 62%
Magic:  2/2        EV:  7    Int: 16    God:
Gold:   83         SH:  4    Dex: 13    Spells: 1/1 levels left

rFire   x . .        a - +0 war axe
rCold   + . .        c - +0 buckler
rNeg    . . .        b - +0 scale mail
rPois   .            (no helmet)
rElec   .            (no cloak)
rCorr   .            (no gloves)
SInv    +            (no boots)
Will    .....        (no amulet) Stlth
                     h - +6 ring of intelligence
HPRegen 0.43/turn    e - ring of ice
MPRegen 0.08/turn

%: no passive effects
@: lethally poisoned (0 -> -4), healing quickly
A: alive, fangs 3, see invisible, vampiric 1
a: Exsanguinate


You were on level 4 of the Dungeon.
You visited 1 branch of the dungeon, and saw 4 of its levels.

You collected 83 gold pieces.

Inventory:

Hand Weapons
 a - a +0 war axe (weapon)
Armour
 b - a +0 scale mail (worn)
 c - a +0 buckler (worn)
Jewellery
 e - a ring of ice (right hand)
 h - a +6 ring of intelligence (left hand)
Scrolls
 g - a scroll of teleportation {unknown}
Potions
 d - a potion of might
 f - a potion of berserk rage {unknown}
 i - a potion of heal wounds {unknown}


   Skills:
 + Level 2.9 Fighting
 + Level 2.0 Axes
 + Level 2.7 Armour
 + Level 3.0 Shields


You had one spell level left.
You didn't know any spells.
Your spell library was empty.

Dungeon Overview and Level Annotations

Branches:
Dungeon (4/15)
 Temple: D:4-7

Altars:


Innate Abilities, Weirdness & Mutations

Your natural rate of healing is accelerated.
You have razor-sharp teeth.
You have supernaturally acute eyesight. (SInv)
You are afflicted with vampirism.


Message History

You see here a giant cockroach corpse.
h - a +6 ring of intelligence You see here a giant cockroach corpse.
You feel clever.
h - a +6 ring of intelligence (left hand)
You feel more attuned to ice.
e - a ring of ice (right hand)
You now have 77 gold pieces (gained 10).
Found a stone staircase leading down.
There is a stone staircase leading down here.
You climb downwards.
Found a glowing coppery potion.
There is a stone staircase leading up here.
i - a glowing coppery potion
Found 6 gold pieces.
You now have 83 gold pieces (gained 6).
Found a long sword.
Found a fizzy grey potion.
A scorpion comes into view.
Found 6 stones.
You completely miss the scorpion. The scorpion stings you.
The scorpion stings you but does no damage.
You barely miss the scorpion. The scorpion stings you. x2
You slash the scorpion!
The scorpion is heavily wounded.
The scorpion stings you.
You are poisoned.
The scorpion poisons you!
You hit the scorpion. Your bite misses the scorpion.
The scorpion is severely wounded.
You feel very sick. You block the scorpion's attack. The scorpion stings you.
* * * LOW HITPOINT WARNING * * *
You hit the scorpion but do no damage.
The scorpion is severely wounded.
* * * LOW HITPOINT WARNING * * *
You feel sick. You block the scorpion's attack. The scorpion barely misses you.
You closely miss the scorpion.
The scorpion is severely wounded.
You die...

#################
##................
#.....############
########.....#
#............#
#............#
#............#
#.......#.#######
........@s.......
#.......###..####
.....#... .....
#.)#.#.### .##..
## . #. .. ( !. ..
.## .#. .


You could see a scorpion.

Vanquished Creatures
  A ribbon worm (D:2)
  A dart slug (D:2)
  3 endoplasms
  2 giant cockroaches
  A goblin (D:2)
  2 hobgoblins
  A kobold (D:1)
  3 rats
14 creatures vanquished.

Notes
Turn   | Place    | Note
-------+----------+-------------------------------------------
     0 | D:1      | AstroCodex24 the Vampire Fighter began the quest for the
                  | Orb.
     0 | D:1      | Reached XP level 1. HP: 17/17 MP: 1/1
   112 | D:1      | You fall into a shaft and drop 1 floor!
   161 | D:2      | Reached XP level 2. HP: 23/23 MP: 2/2
   344 | D:2      | Reached skill level 3 in Shields
   421 | D:4      | Noticed a scorpion
   430 | D:4      | HP: 1/23 [poisoned by a scorpion]
   431 | D:4      | Succumbed to a scorpion's poison

Illustrated notes

Levels and vault maps discovered:
D:1:      minmay_arrival_five_plusses, layout_basic,
          chequers_serial_rivers_micro_e
D:2:      layout_loops_ring
D:3:      layout_loops_ring, serial_shops, nicolae_shop_pleasant_corner_grove,
          minmay_ogre_servants
D:4:      layout_basic, minmay_misc_feat_alley, minmay_tree_intersection

Skill      XL: |  1  2 |
---------------+-------+-----
Axes           | 2 |  2.0
Shields        | 3 |  3.0
Fighting       | |  2.9
Armour         | |  2.7

Action                     || total
---------------------------++-------
  Melee: War axe           ||    30
         Bite              ||     3
 Armour: Scale mail        ||    25
  Dodge: Dodged            ||     9
  Block: Buckler           ||     8

Table legend: (Time is in decaauts)
 A = Elapsed time spent in this place.
 B = Non-inter-level travel time spent in this place.
 C = Inter-level travel time spent in this place.
 D = Time resting spent in this place.
 E = Time spent auto-exploring this place.
 F = Levels seen in this place.
 G = Mean time per level.
                   A        B        C        D        E       F      G
               +--------+--------+--------+--------+--------+-----+--------+
         Total |    442 |    442 |      0 |      0 |      0 |   4 |  110.5 |
       Dungeon |    442 |    442 |      0 |      0 |      0 |   4 |  110.5 |
               +--------+--------+--------+--------+--------+-----+--------+

Top non-repeatable levels by time:
     D:2: 253 daAuts
     D:1: 115 daAuts
     D:4: 41 daAuts
     D:3: 32 daAuts
